 Dungeon Crawl Stone Soup version 0.27.0-1-g7a089689b8 (webtiles) character file.

Game seed: 15969458830534211353

91 ZombieSheep the Changer (level 4, -3/32 HPs)
             Began as a Gnoll Wanderer on Aug 7, 2021.
             Slain by an orc (6 damage)
             ... on level 3 of the Dungeon.
             The game lasted 00:06:00 (4029 turns).

ZombieSheep the Changer (Gnoll Wanderer)            Turns: 4029, Time: 00:06:01

Health: -3/32      AC:  9    Str: 13    XL:     4   Next: 59%
Magic:  8/8        EV:  9    Int: 12    God:
Gold:   96         SH:  0    Dex: 10    Spells: 8/9 levels left

rFire    . . .     SeeInvis .   a - +0 club
rCold    . . .     Faith    .   (no shield)
rNeg     . . .     Spirit   .   l - +2 scale mail {rPois}
rPois    +         Reflect  .   n - +0 helmet
rElec    .         Harm     .   (no cloak)
rCorr    .         Rampage  .   (no gloves)
Will     .....                  (no boots)
Stlth    +.........             (no amulet)
HPRegen  0.10/turn              (no ring)
MPRegen  0.11/turn              (no ring)

@: no status effects
A: fangs 1, strong nose, distributed training
a: no special abilities


You were on level 3 of the Dungeon.
You visited 1 branch of the dungeon, and saw 4 of its levels.

You collected 96 gold pieces.

Inventory:

Hand Weapons
 a - a +0 club (weapon)
 b - a +0 hunting sling of venom
Missiles
 d - 20 sling bullets
 j - 8 boomerangs
Armour
 l - a +2 scale mail of poison resistance (worn)
 n - a +0 helmet (worn)
Jewellery
 e - a +6 ring of intelligence
 f - a ring of magical power
Potions
 c - a potion of curing
 g - a potion of lignification {unknown}
 h - a potion of degeneration {unknown}
 i - 3 potions of heal wounds


   Skills:
 + Level 1.2 Fighting
 + Level 1.2 Short Blades
 + Level 1.2 Long Blades
 + Level 1.2 Axes
 + Level 1.2 Maces & Flails
 + Level 1.2 Polearms
 + Level 1.2 Staves
 + Level 1.2 Slings
 + Level 1.2 Bows
 + Level 1.2 Crossbows
 + Level 1.2 Throwing
 + Level 1.2 Armour
 + Level 1.2 Dodging
 + Level 2.6 Stealth
 + Level 1.2 Shields
 + Level 1.2 Unarmed Combat
 + Level 3.0 Spellcasting
 + Level 2.2 Conjurations
 + Level 3.8 Hexes
 + Level 1.0 Summonings
 + Level 1.0 Necromancy
 + Level 1.0 Translocations
 + Level 5.5 Transmutations
 + Level 1.0 Fire Magic
 + Level 1.0 Ice Magic
 + Level 1.0 Air Magic
 + Level 1.0 Earth Magic
 + Level 2.2 Poison Magic
 + Level 1.3 Invocations
 + Level 2.8 Evocations


You had 8 spell levels left.
You knew the following spells:

 Your Spells              Type           Power      Damage    Failure   Level
a - Sandblast             Erth           8%         2d5       61%         1

Your spell library contained the following spells:

 Spells                   Type           Power      Damage    Failure   Level
 Passwall                 Tmut/Erth      7%         N/A       43%         2
 Stone Arrow              Conj/Erth      10%        3d7       88%         3
 Petrify                  Tmut/Erth      9%         N/A       97%         4


Dungeon Overview and Level Annotations

Branches:
Dungeon (4/15)
 Temple: D:4-7

Altars:

Shops:
D:1 [


Innate Abilities, Weirdness & Mutations

You have very sharp teeth.
Your uncanny sense of smell can sniff out nearby items.
Your experience applies equally to all skills.


Message History

You closely miss the orc. The orc closely misses you.
You hit the orc.
The orc is heavily wounded.
The orc hits you with a +0 club. The orc hits you but does no damage.
The orc priest looks encouraged for a moment.
You hit the orc.
You kill the orc!
The orc hits you but does no damage. The orc closely misses you.
The orc hits you with a +0 trident!
You see here a +0 club.
You hit the orc but do no damage. Your bite misses the orc.
The orc hits you but does no damage.
You closely miss the orc. The orc hits you with a +0 trident.
You closely miss the orc. The orc hits you but does no damage.
You hit the orc but do no damage. The orc closely misses you. x2
You hit the orc.
The orc is lightly wounded.
The orc priest calls upon Beogh to heal the orc.
The orc's wounds heal themselves!
The orc hits you with a +0 trident.
You barely miss the orc. Your bite misses the orc.
The orc priest suddenly shouts.
The orc closely misses you.
You hit the orc. Your bite misses the orc.
The orc is lightly wounded.
The orc closely misses you.
You barely miss the orc.
The orc is lightly wounded.
The orc closely misses you. The orc hits you with a +0 trident!
* * * LOW HITPOINT WARNING * * *
You hit the orc.
The orc is moderately wounded.
The orc closely misses you.
You hit the orc but do no damage.
The orc is moderately wounded.
The orc hits you with a +0 trident.
* * * LOW HITPOINT WARNING * * *
You closely miss the orc.
The orc is moderately wounded.
The orc hits you with a +0 trident.
You die...

...♣♣♣..P♣♣♣..# .
♣...♣ ♣..#
P♣♣♣..)♣♣♣P.#
.............#
.........)...##
P..P.....PK....###
..P♣♣♣...♣♣♣...Ko#
..P ♣..P♣ ♣..##o#
.. ♣P..♣ ♣..##@#
.........##.#
..........##.#
#.####.##.###?# #.
..# #.# # #. #.#
#.# #.# #.#


You could see an orc priest, an orc and a kobold.

Vanquished Creatures
  2 adders (D:2)
  2 worms
  3 dart slugs
  3 orcs
  3 ball pythons
  3 endoplasms
  2 giant cockroaches (D:2)
  7 hobgoblins
  4 jackals (D:2)
  5 kobolds
  3 quokkas
  5 bats
  5 frilled lizards
  6 goblins
  4 rats
57 creatures vanquished.

Vanquished Creatures (others)
  37 plants (D:3)
37 creatures vanquished.

Grand Total: 94 creatures vanquished

Notes
Turn   | Place    | Note
-------+----------+-------------------------------------------
     0 | D:1      | ZombieSheep the Gnoll Wanderer began the quest for the Orb.
     0 | D:1      | ZombieSheep set off with the following items: a +0 club, a
                  | +0 robe, a potion of curing; and the following spell
                  | memorised: Sandblast; and the following spells available to
                  | memorise: Passwall, Stone Arrow, Petrify
     0 | D:1      | Reached XP level 1. HP: 13/13 MP: 4/4
   664 | D:1      | Reached XP level 2. HP: 19/19 MP: 5/5
  1133 | D:1      | Found Amufuc's Antique Armour Shoppe.
  1315 | D:1      | Reached XP level 3. HP: 25/25 MP: 7/7
  1865 | D:2      | Reached skill level 1 in Invocations
  2127 | D:2      | Reached skill level 1 in Fighting
  2127 | D:2      | Reached skill level 1 in Short Blades
  2127 | D:2      | Reached skill level 1 in Long Blades
  2127 | D:2      | Reached skill level 1 in Axes
  2127 | D:2      | Reached skill level 1 in Maces & Flails
  2127 | D:2      | Reached skill level 1 in Polearms
  2127 | D:2      | Reached skill level 1 in Staves
  2127 | D:2      | Reached skill level 1 in Slings
  2127 | D:2      | Reached skill level 1 in Bows
  2127 | D:2      | Reached skill level 1 in Crossbows
  2127 | D:2      | Reached skill level 1 in Throwing
  2127 | D:2      | Reached skill level 1 in Armour
  2127 | D:2      | Reached skill level 1 in Dodging
  2127 | D:2      | Reached skill level 1 in Shields
  2127 | D:2      | Reached skill level 1 in Unarmed Combat
  2590 | D:2      | Reached XP level 4. HP: 30/32 MP: 8/8
  3807 | D:4      | Reached skill level 1 in Summonings
  3807 | D:4      | Reached skill level 1 in Necromancy
  3807 | D:4      | Reached skill level 1 in Translocations
  3807 | D:4      | Reached skill level 1 in Fire Magic
  3807 | D:4      | Reached skill level 1 in Ice Magic
  3807 | D:4      | Reached skill level 1 in Air Magic
  3807 | D:4      | Reached skill level 1 in Earth Magic
  4029 | D:3      | Slain by an orc

Illustrated notes

Levels and vault maps discovered:
D:1:      dpeg_arrival_boxorama, layout_basic, serial_shops,
          nicolae_shop_crystal, minmay_tetromino_o2
D:2:      layout_basic, dk_noncrumbling_4
D:3:      layout_basic, kennysheep_boxes
D:4:      layout_loops_ring, general_overflow_altar, enter_ossuary_4,
          minmay_fire_ice_demons

Skill      XL: |  1  2  3  4 |
---------------+-------------+-----
Conjurations   | 2 |  2.2
Poison Magic   | 2 |  2.2
Invocations    | 1 |  1.3
Fighting       | 1 |  1.2
Short Blades   | 1 |  1.2
Long Blades    | 1 |  1.2
Axes           | 1 |  1.2
Maces & Flails | 1 |  1.2
Polearms       | 1 |  1.2
Staves         | 1 |  1.2
Slings         | 1 |  1.2
Bows           | 1 |  1.2
Crossbows      | 1 |  1.2
Throwing       | 1 |  1.2
Armour         | 1 |  1.2
Dodging        | 1 |  1.2
Shields        | 1 |  1.2
Unarmed Combat | 1 |  1.2
Spellcasting   | 3 |  3.0
Summonings     | 1 |  1.0
Necromancy     | 1 |  1.0
Translocations | 1 |  1.0
Fire Magic     | 1 |  1.0
Ice Magic      | 1 |  1.0
Air Magic      | 1 |  1.0
Earth Magic    | 1 |  1.0
Stealth        | |  2.6
Hexes          | |  3.8
Transmutations | |  5.5
Evocations     | |  2.8

Action                   |  1- 3 |  4- 6 || total
-------------------------+-------+-------++-------
Melee: Club              |   196 |   105 ||   301
       Bite              |    20 |    13 ||    33
  Use: Scroll            |     2 |     4 ||     6
Armor: Leather armour    |     8 |       ||     8
       Scale mail        |   114 |    49 ||   163
       Robe              |     1 |       ||     1
Dodge: Dodged            |   110 |    50 ||   160
